Map: Dusk Towers

Players

Aradiiel

  • Race: Terran Terran
  • League: Master

Miszu - Winner!

  • Race: Terran Terran
  • League: Master

VOD

Have the link to the VOD?

Description

Time

  • Played on: March 15, 2016, 6:30 p.m.
  • Length: 11:52
Show
View Real Time Build Order
Export as new Build Order

Aradiiel Terran 

Build Orders: Reaper Expand 

Get SALT Encoding   

  12  0:01  SCV  
  13  0:13  SCV  
  14  0:18  Supply Depot  
  14  0:25  SCV  
  15  0:40  SCV  
  15  0:41  Barracks  
  16  0:45  Refinery  
  16  0:52  SCV  
  17  1:04  SCV  
  18  1:16  SCV  
  19  1:28  Reaper  
  19  1:29  Orbital Command  
  20  1:44  Command Center  
  20  1:54  SCV  
  20  1:59  Supply Depot  
  20  2:00  Reaper  
  22  2:07  SCV  
  23  2:21  SCV  
  24  2:25  Factory  
  24  2:33  Refinery, SCV  
  25  2:42  Barracks Reactor  
  25  2:48  SCV  
  26  2:56  Orbital Command  
  26  3:00  SCV  
  27  3:11  Starport  
  27  3:12  SCV  
  28  3:13  Factory Tech Lab  
  28  3:17  Marine  
  28  3:18  Marine  
  30  3:21  Engineering Bay  
  30  3:24  SCV x2  
  32  3:35  Marine  
  32  3:36  Marine, SCV  
  35  3:45  SCV  
  35  3:48  Supply Depot, Command Center  
  36  3:49  Medivac  
  36  3:55  Siege Tank  
  41  3:59  Missile Turret  
  41  4:01  SCV  
  41  4:02  SCV  
  43  4:06  Marine  
  43  4:07  Marine  
  45  4:18  SCV  
  45  4:19  SCV, Missile Turret  
  45  4:24  Marine, Missile Turret  
  47  4:25  Marine  
  47  4:31  Medivac  
  51  4:36  Supply Depot, Siege Tank  
  54  4:45  Missile Turret  
  54  4:46  Supply Depot  
  54  4:57  Marine x2  
  46  5:09  Siege Tank  
  46  5:15  Marine x2  
  46  5:18  SCV x2  
  50  5:30  SCV x2  
  50  5:33  Marine x2  
  51  5:36  SCV  
  51  5:42  SCV x2  
  54  5:43  Siege Tank  
  54  5:51  Marine x2  
  54  5:53  Orbital Command  
  54  6:00  Refinery  
  54  6:02  SCV x2  
  54  6:03  Refinery  
  56  6:05  Starport Reactor, Missile Turret  
  56  6:08  Marine x2  
  58  6:12  Barracks  
  58  6:14  SCV x2, Orbital Command  
  60  6:26  Marine x2, SCV  
  60  6:30  SCV  
  60  6:31  Missile Turret  
  64  6:35  Barracks  
  64  6:38  SCV  
  65  6:40  Terran Infantry Weapons Level 1  
  65  6:42  SCV x2  
  65  6:45  Engineering Bay  
  69  6:47  Supply Depot  
  69  6:50  SCV  
  68  6:56  Siege Tank  
  68  6:57  Marine, Medivac x2  
  68  7:00  Barracks Tech Lab  
  76  7:04  Supply Depot, SCV  
  77  7:10  Marine  
  77  7:13  SCV x2  
  77  7:15  Marine  
  80  7:16  SCV  
  80  7:18  Refinery  
  80  7:19  Refinery  
  80  7:21  Supply Depot  
  82  7:23  Barracks Tech Lab  
  82  7:24  Marine, Stimpack  
  82  7:27  SCV x2  
  82  7:28  Marine, SCV  
  87  7:31  Medivac  
  87  7:34  Terran Infantry Armor Level 1  
  89  7:39  Marine  
  89  7:42  Marine  
  91  7:50  Medivac  
  85  7:53  Marine x2  
  85  7:54  Combat Shields  
  87  7:59  Marine  
  87  8:00  Marine  
  87  8:01  Medivac  
  87  8:05  SCV x3  
  94  8:07  Barracks x2  
  94  8:08  Armory  
  94  8:09  Barracks  
  94  8:12  Barracks  
  94  8:17  SCV x3  
  97  8:20  Supply Depot, Marine x2  
  97  8:22  Supply Depot  
  99  8:27  Marine  
  99  8:32  Siege Tank  
  103  8:34  Sensor Tower  
  103  8:42  Marine x2  
  103  8:43  Medivac x2  
  109  8:49  Marine x2  
  109  8:54  Marine x2  
  113  8:59  Marine x2  
  104  9:07  Marine x2  
  84  9:13  Barracks Reactor  
  84  9:14  Barracks Reactor x2  
  84  9:15  Medivac x2  
  87  9:17  Barracks Reactor, Marine x2  
  87  9:19  Siege Tank  
  87  9:22  SCV x2  
  94  9:25  Marine  
  95  9:33  Barracks Reactor  
  95  9:35  Marine x2  
  97  9:43  Marine  
  98  9:47  Factory  
  98  9:51  Siege Tank  
  98  9:52  Marine x3  
  101  9:53  Supply Depot, Marine x3  
  101  9:54  Supply Depot, Marine  
  108  10:00  Marine  
  108  10:03  Marine x3  
  112  10:10  Marine x5  
  112  10:11  Marine x3  
  120  10:17  Marine  
  120  10:18  Marine  
  120  10:21  Marine x3  
  121  10:28  Marine x8, Siege Tank  
  127  10:30  Siege Tank  
  127  10:35  Marine  
  138  10:36  Marine  
  138  10:39  Marine x2  
  137  10:50  Marine x2  
  137  10:51  Marine  
  137  10:56  Marine x4  
  122  10:57  Marine x3  
  122  10:58  Marine  
  106  11:08  Marine  
  106  11:10  Viking  
  104  11:13  Marine x2  
  104  11:14  Marine x2  
  104  11:15  Marine x3  
  104  11:16  Marine  
  101  11:26  Marine  
  101  11:31  Marine x3  
  101  11:32  Marine  
  86  11:33  Marine x2  
  86  11:34  Marine  
Show
View Real Time Build Order
Export as new Build Order

Miszu Terran - Winner!

Build Orders: Bio Tank 

Get SALT Encoding   

  12  0:02  SCV  
  13  0:14  SCV  
  13  0:18  Supply Depot  
  14  0:26  SCV  
  15  0:40  SCV  
  15  0:41  Barracks  
  16  0:43  Refinery  
  16  0:52  SCV  
  17  1:04  SCV  
  18  1:16  SCV  
  19  1:28  Orbital Command  
  19  1:29  Barracks Reactor  
  19  1:43  Command Center  
  19  1:54  SCV  
  19  1:57  Supply Depot  
  20  2:05  Marine x2  
  20  2:07  SCV  
  22  2:12  Factory  
  22  2:19  SCV  
  23  2:23  Marine x2  
  23  2:28  Refinery  
  25  2:31  SCV  
  26  2:41  Marine x2  
  26  2:43  SCV  
  29  2:55  SCV  
  29  2:58  Starport  
  30  3:00  Orbital Command  
  31  3:05  Factory Tech Lab  
  31  3:07  SCV  
  31  3:11  Marine  
  31  3:12  Marine  
  33  3:19  SCV  
  34  3:21  Supply Depot  
  34  3:23  Widow Mine  
  36  3:30  Marine  
  36  3:31  SCV  
  36  3:32  SCV  
  39  3:34  Medivac  
  41  3:43  SCV  
  41  3:44  Supply Depot  
  41  3:47  SCV  
  43  3:55  SCV  
  44  4:01  Engineering Bay  
  44  4:02  SCV  
  45  4:05  Viking  
  45  4:06  Supply Depot  
  47  4:13  SCV  
  47  4:14  SCV  
  49  4:25  SCV  
  49  4:26  SCV  
  49  4:28  Supply Depot  
  51  4:35  Command Center  
  51  4:38  SCV  
  52  4:39  Marine x2  
  52  4:41  SCV  
  55  4:50  SCV  
  56  4:53  SCV  
  55  5:07  Marine  
  55  5:08  Marine  
  55  5:13  SCV x2  
  59  5:15  Barracks  
  59  5:17  Barracks  
  58  5:25  Marine x2, SCV x2  
  61  5:30  Siege Tank  
  62  5:37  SCV x2  
  58  5:49  SCV  
  60  5:53  SCV  
  60  5:55  Refinery x2  
  60  5:56  Orbital Command  
  58  6:01  SCV  
  57  6:05  Barracks Tech Lab, SCV  
  57  6:06  Barracks Tech Lab  
  58  6:13  Starport Reactor, Terran Infantry Weapons Level 1, SCV  
  58  6:16  Siege Tank  
  58  6:17  SCV  
  63  6:20  Marine  
  63  6:25  Marine x2, SCV  
  66  6:26  Stimpack, Orbital Command  
  66  6:28  Combat Shields  
  67  6:33  Barracks  
  67  6:34  Barracks  
  67  6:35  SCV  
  67  6:37  SCV  
  67  6:38  Supply Depot, Marine  
  71  6:44  Supply Depot  
  71  6:47  SCV  
  71  6:50  Marine, SCV  
  71  6:52  Medivac  
  71  6:53  SCV  
  78  6:55  Siege Tank  
  78  6:59  SCV  
  78  7:00  Marine  
  78  7:01  Marine  
  81  7:02  SCV  
  81  7:05  SCV  
  85  7:09  Marine  
  85  7:10  Supply Depot  
  85  7:11  Supply Depot, SCV  
  85  7:14  SCV  
  85  7:15  Engineering Bay  
  87  7:16  Armory  
  87  7:17  SCV  
  87  7:18  Marine  
  87  7:22  Barracks Reactor x2  
  90  7:23  SCV  
  90  7:26  Refinery, Marine, SCV  
  90  7:27  Refinery  
  90  7:28  Siege Tank  
  90  7:29  SCV  
  96  7:31  Medivac  
  96  7:32  Medivac  
  96  7:35  SCV  
  101  7:38  SCV  
  101  7:41  SCV  
  102  7:48  Marine  
  102  7:49  Marine  
  104  7:52  Marine  
  104  7:54  Missile Turret x2  
  104  7:58  Factory, Sensor Tower  
  106  7:59  Supply Depot  
  106  8:00  Marine x2  
  106  8:01  Supply Depot, Sensor Tower  
  106  8:03  Supply Depot, Marine x2  
  110  8:06  Marine  
  110  8:07  Medivac, Siege Tank  
  110  8:10  Medivac  
  117  8:14  Marine  
  117  8:17  Terran Vehicle Weapons Level 1  
  117  8:18  Marine  
  119  8:26  Terran Infantry Armor Level 1, Missile Turret  
  119  8:27  Marine x2  
  119  8:28  Marine x4  
  119  8:29  Supply Depot  
  119  8:32  Marine  
  119  8:34  Terran Infantry Weapons Level 2  
  126  8:36  Marine  
  127  8:42  Supply Depot x2  
  127  8:45  Marine x2  
  128  9:07  Marine  
  128  9:08  Marine x5, Marauder  
  132  9:11  Marine  
  132  9:15  Missile Turret  
  132  9:16  Medivac, Siege Tank, Missile Turret  
  132  9:17  Medivac  
  140  9:18  Factory Tech Lab  
  140  9:25  Marine  
  140  9:26  Supply Depot, Command Center  
  140  9:27  Supply Depot  
  141  9:35  Marine x4  
  141  9:37  Missile Turret  
  141  9:38  Siege Tank  
  149  9:41  Missile Turret  
  149  9:43  Marine  
  149  9:46  Medivac  
  149  9:48  Siege Tank  
  149  9:51  Marine x3  
  157  9:52  Marine  
  157  9:54  Supply Depot x2, Missile Turret  
  157  9:57  Supply Depot  
  158  10:06  Marine x3  
  161  10:07  Medivac  
  161  10:10  Siege Tank  
  165  10:22  Marine  
  165  10:23  Marine x4, Siege Tank  
  165  10:24  Marine, Medivac  
  176  10:33  Barracks  
  176  10:34  Barracks x2  
  176  10:37  Medivac  
  176  10:42  Siege Tank  
  164  11:01  Marine  
  164  11:02  Marine  
  164  11:03  Marine x2  
  159  11:04  Marine x2  
  159  11:05  Marine  
  159  11:10  Marine  
  159  11:11  Siege Tank  
  163  11:14  Siege Tank  
  163  11:15  Medivac x2  
  170  11:19  Marine  
  170  11:20  Marine x3  
  170  11:22  Marine x2  
  170  11:23  Marine  
  177  11:27  Marine  
  177  11:30  SCV  
  178  11:34  Marine  
Tags
 
Composition
Bio Tank
Matchup
TvT
Race
Terran
Add a new tag
Caveats
  • Supply blocks, unpowered buildings, or Contaminate may cause inaccurate times.
  • Supply counts are checked every 10 seconds.